Map: Nightshade LE

Players

llllllllllll (Trap) - Winner!

  • Race: Protoss Protoss
  • League: Master
  • Spawn Location: 11:00

TSGSolar (Solar)

  • Race: Zerg Zerg
  • League: Master
  • Spawn Location: 5:00

VOD

Have the link to the VOD?

Description

Time

  • Played on: Jan. 7, 2020, 7:40 p.m.
  • Length: 7:54
Show
View Real Time Build Order
Export as new Build Order

llllllllllll Protoss - Winner!

Build Orders: 1 Gate Expand, Oracle Opening, Zealot Archon, Archon Drop 

Get SALT Encoding   

  12  0:00  Probe  
  13  0:12  Probe  
  14  0:17  Pylon  
  14  0:24  Probe  
  15  0:36  Probe (Chrono Boost)  
  16  0:44  Gateway  
  16  0:45  Probe (Chrono Boost)  
  16  0:46  Assimilator  
  17  0:51  Probe (Chrono Boost)  
  18  1:03  Probe  
  19  1:15  Probe  
  20  1:23  Nexus  
  20  1:34  Cybernetics Core  
  20  1:36  Probe  
  21  1:45  Assimilator  
  21  1:48  Probe  
  21  1:51  Pylon  
  22  2:00  Probe  
  23  2:07  Adept (Chrono Boost)  
  23  2:12  Probe  
  26  2:17  Stargate  
  26  2:25  Probe (Chrono Boost)  
  26  2:26  Warp Gate  
  27  2:30  Adept  
  27  2:35  Probe (Chrono Boost)  
  31  2:37  Probe (Chrono Boost)  
  32  2:44  Probe (Chrono Boost)  
  32  2:45  Probe (Chrono Boost)  
  32  2:49  Probe (Chrono Boost)  
  32  2:51  Probe  
  35  3:00  Stalker  
  35  3:01  Probe  
  35  3:03  Probe  
  35  3:05  Oracle (Chrono Boost)  
  39  3:12  Assimilator  
  42  3:14  Pylon  
  42  3:15  Probe  
  42  3:17  Probe  
  44  3:26  Robotics Facility  
  44  3:27  Probe  
  44  3:30  Probe (Chrono Boost)  
  46  3:36  Assimilator  
  46  3:39  Probe (Chrono Boost)  
  48  3:47  Probe (Chrono Boost)  
  49  3:48  Probe (Chrono Boost)  
  49  3:49  Twilight Council  
  49  3:53  Probe x2 (Chrono Boost)  
  51  4:05  Probe  
  51  4:06  Gateway  
  51  4:07  Gateway  
  51  4:08  Gateway  
  53  4:18  Warp Prism (Chrono Boost)  
  53  4:19  Pylon  
  54  4:27  Templar Archives  
  54  4:28  Charge  
  54  4:35  Pylon  
  54  4:37  Probe x2  
  54  4:38  Zealot  
  58  4:54  Nexus  
  58  4:57  Pylon  
  58  5:04  High Templar  
  58  5:05  High Templar x2  
  64  5:07  Probe x2  
  64  5:10  Archon  
  64  5:13  High Templar  
  68  5:18  Pylon, Archon  
  68  5:23  Immortal (Chrono Boost)  
  68  5:28  Gateway  
  72  5:29  Gateway  
  72  5:34  Gateway  
  72  5:49  Gateway  
  72  5:52  Sentry x2, Zealot  
  78  5:57  Immortal (Chrono Boost)  
  78  6:00  Sentry  
  78  6:01  Probe x2  
  78  6:04  Pylon  
  86  6:07  Pylon  
  86  6:17  Zealot  
  88  6:22  Immortal (Chrono Boost)  
  92  6:26  Probe x2  
  92  6:27  Probe  
  92  6:29  Pylon  
  95  6:32  Zealot  
  95  6:33  Zealot x2  
  95  6:37  High Templar x2, Zealot  
  107  6:42  Archon  
  107  6:43  Zealot  
  107  6:44  Zealot  
  111  6:50  Pylon  
  111  6:52  Observer (Chrono Boost)  
  112  6:54  Pylon  
  112  6:59  Zealot  
  114  7:03  Sentry x2  
  114  7:05  Zealot x3  
  124  7:09  Zealot x2  
  107  7:26  Zealot x6  
  111  7:31  Zealot x2  
Show
View Real Time Build Order
Export as new Build Order

TSGSolar Zerg 

Build Orders: Hatch First, Swarm Host 

Get SALT Encoding   

  12  0:01  Drone  
  13  0:12  Overlord  
  13  0:18  Drone  
  14  0:31  Drone x2  
  16  0:49  Hatchery  
  15  0:51  Drone  
  15  0:54  Drone  
  17  0:57  Drone  
  18  1:09  Extractor  
  17  1:12  Spawning Pool  
  17  1:15  Drone  
  17  1:20  Drone  
  18  1:28  Drone  
  19  1:39  Drone  
  20  1:50  Drone  
  20  1:52  Hatchery  
  20  2:00  Queen  
  22  2:03  Drone  
  23  2:11  Queen  
  25  2:17  Overlord  
  25  2:22  Drone  
  26  2:23  Drone  
  26  2:28  Metabolic Boost  
  27  2:31  Zergling x2  
  27  2:35  Zergling x2  
  29  2:38  Drone  
  29  2:39  Drone  
  31  2:46  Queen  
  33  2:52  Drone x2  
  35  3:00  Drone  
  35  3:05  Queen  
  36  3:07  Overlord  
  36  3:09  Drone  
  36  3:10  Drone  
  40  3:13  Drone  
  40  3:15  Drone  
  42  3:25  Queen  
  42  3:26  Zergling x2  
  45  3:27  Drone x3  
  45  3:30  Drone  
  49  3:37  Spore Crawler, Drone  
  49  3:39  Spore Crawler, Drone  
  49  3:42  Overlord  
  49  3:44  Drone  
  50  3:48  Overlord  
  50  3:50  Overlord  
  50  3:57  Extractor  
  50  3:58  Spore Crawler, Extractor  
  50  4:07  Drone x2  
  50  4:08  Spore Crawler, Zergling x2  
  50  4:09  Drone x2  
  54  4:10  Drone x4  
  54  4:14  Drone x3  
  54  4:15  Drone  
  62  4:20  Zergling x2, Roach Warren  
  62  4:22  Drone  
  63  4:24  Drone x2  
  63  4:26  Drone  
  65  4:33  Lair  
  65  4:35  Extractor, Overlord  
  65  4:37  Extractor  
  63  4:39  Drone x2  
  63  4:40  Overlord  
  63  4:42  Overlord  
  65  4:46  Overlord  
  65  4:49  Drone x2  
  65  4:51  Drone  
  65  4:54  Drone x3  
  65  4:55  Drone  
  65  4:58  Drone x2  
  71  5:01  Zergling x4  
  71  5:02  Drone  
  71  5:03  Drone  
  75  5:07  Drone x3  
  75  5:10  Overlord  
  75  5:12  Extractor  
  75  5:13  Extractor  
  75  5:14  Overlord  
  75  5:16  Drone  
  75  5:20  Drone  
  77  5:23  Overlord  
  77  5:24  Evolution Chamber  
  76  5:31  Drone  
  76  5:32  Drone  
  76  5:33  Hydralisk Den  
  76  5:34  Overlord  
  76  5:35  Roach x4  
  85  5:37  Roach x2  
  85  5:38  Roach  
  85  5:40  Roach  
  92  5:44  Drone  
  92  5:45  Drone  
  92  5:49  Drone x2  
  95  5:50  Roach  
  95  5:51  Glial Reconstitution  
  97  5:58  Infestation Pit  
  97  6:00  Extractor, Drone x3  
  97  6:01  Drone  
  97  6:02  Overseer  
  98  6:04  Drone x2  
  98  6:05  Drone  
  98  6:06  Overlord  
  100  6:12  Overlord  
  100  6:17  Overlord  
  100  6:19  Overlord  
  100  6:22  Overlord  
  100  6:24  Overlord  
  100  6:25  Overlord  
  100  6:38  Swarm Host x7  
  100  6:39  Swarm Host  
  121  6:42  Swarm Host  
  127  6:51  Roach x3  
  131  6:55  Roach  
  131  6:58  Zergling x2  
  134  7:02  Ravager x2  
  134  7:04  Zergling x8, Roach x3  
  146  7:10  Roach x4  
  152  7:17  Roach x3  
  151  7:23  Roach  
  151  7:25  Roach  
  151  7:29  Roach  
  144  7:33  Roach x6  
Tags
 
Add a new tag
Caveats
  • Supply blocks, unpowered buildings, or Contaminate may cause inaccurate times.
  • Supply counts are checked every 10 seconds.